 Dungeon Crawl Stone Soup version 0.22-a0-15-g4f60a598d5 (webtiles) character file.

106689 MirrMurr the Unseen (level 15, -9/93 HPs)
             Began as a Spriggan Enchanter on Jan 1, 2018.
             Was the Champion of Okawaru.
             Mangled by a merfolk impaler
             ... wielding a +0 trident
              (28 damage)
             ... on level 1 of the Shoals on Jan 2, 2018.
             The game lasted 02:01:40 (36288 turns).

MirrMurr the Unseen (Spriggan Enchanter)           Turns: 36288, Time: 02:01:40

Health: -9/93      AC:  5    Str: 16    XL:     15   Next: 98%
Magic:  26/30      EV: 33    Int: 19    God:    Okawaru [******]
Gold:   1815       SH:  9    Dex: 26    Spells: 21/34 levels left

rFire    + . .     SeeInvis +   a - +4 dagger (elec)
rCold    + + .     Gourm    .   S - +0 buckler "Ythraskom" {rPois rC+ Str+7 Slay+2} (curse)
rNeg     + . .     Faith    .   C - +1 robe {rC+ rF+}
rPois    +         Spirit   .   I - +2 hat
rElec    +         Reflect  .   (no cloak)
rCorr    .         Harm     .   (gloves unavailable)
MR       +++..                  (boots unavailable)
Stlth    +++++++...             P - amulet of Vitality {Regen+ HP+15}
HPRegen  0.65/turn              W - ring of Wisor {+Inv Int+2 Dex+3 Stlth-}
MPRegen  0.22/turn              i - ring of Greed {rElec rPois rN+ MR+ Dex+5}

@: very quick
A: very small, unfitting armour, see invisible, herbivore, speed 3, slow
metabolism 2
a: Heroism, Finesse, Renounce Religion, Evoke Invisibility


You were on level 1 of the Shoals.
You worshipped Okawaru.
Okawaru was exalted by your worship.
You were hungry.

You visited 5 branches of the dungeon, and saw 25 of its levels.
You visited the Abyss 1 time.
You also visited: Bailey.

You collected 2797 gold pieces.
You spent 982 gold pieces at shops.

Inventory:

Hand Weapons
 a - a +4 dagger of electrocution (weapon)
 b - a +1 fustibalus of velocity
 q - a +0 blowgun
 w - the +4 rapier of the Blue Skies {speed, rC+}
   (You acquired it in a bailey)

   Attacks with this weapon are significantly faster.
   It protects you from cold.
 T - the +6 demon blade "Xovve" {freeze, Int+3}
   (Okawaru gifted it to you on level 15 of the Dungeon)

   It has been specially enchanted to freeze those struck by it, causing extra
   injury to most foes and up to half again as much damage against particularly
   susceptible opponents.
   It can also slow down cold-blooded creatures.
   It affects your intelligence (+3).
Missiles
 e - 643 stones
 g - 139 poisoned needles
 n - 8 curare-tipped needles
 p - 2 throwing nets {!f}
 B - 8 tomahawks of returning (quivered)
 Q - 172 sling bullets
Armour
 C - a +1 robe of resistance (worn)
 I - a +2 hat (worn)
 S - the cursed +0 buckler "Ythraskom" (worn) {rPois rC+ Str+7 Slay+2}
   (You found it in a bailey)

   It affects your strength (+7).
   It affects your accuracy and damage with ranged weapons and melee attacks
   (+2).
   It protects you from cold.
   It protects you from poison.
   It has a curse placed upon it.
Jewellery
 i - the ring of Greed (right hand) {rElec rPois rN+ MR+ Dex+5}
   (You bought it in a shop on level 2 of the Orcish Mines)

   [ring of poison resistance]

   It affects your dexterity (+5).
   It insulates you from electricity.
   It protects you from poison.
   It protects you from negative energy.
   It affects your resistance to hostile enchantments.
 P - the amulet of Vitality (around neck) {Regen+ HP+15}
   (You found it on level 5 of the Lair of Beasts)

   [amulet of regeneration]

   It affects your health (+15).
   It increases your rate of regeneration.
 R - an uncursed ring of flight
 W - the ring of Wisor (left hand) {+Inv Int+2 Dex+3 Stlth-}
   (You found it on level 6 of the Lair of Beasts)

   [ring of loudness]

   It affects your intelligence (+2).
   It affects your dexterity (+3).
   It lets you turn invisible.
   It makes you less stealthy.
 X - a +3 amulet of reflection
 Z - an uncursed ring of protection from fire
Wands
 h - a wand of iceblast (13)
 F - a wand of digging (14)
 H - a wand of paralysis (44)
Scrolls
 r - 12 scrolls of remove curse
 y - a scroll of fear
 A - 8 scrolls of teleportation
 J - 3 scrolls of blinking
 N - 2 scrolls of fog
Potions
 d - 2 potions of resistance
 f - 4 potions of flight
 j - 10 potions of curing
 k - a potion of invisibility
 m - 6 potions of heal wounds
 s - a potion of ambrosia
 t - 6 potions of brilliance
 v - a potion of cancellation
 z - 4 potions of haste
 G - 6 potions of might
 L - 2 potions of berserk rage
 M - a potion of agility
 U - 3 potions of mutation
Comestibles
 c - 27 rations


   Skills:
 * Level 8.8 Fighting
 - Level 12.0 Short Blades
 + Level 13.2 Dodging
 + Level 20.9 Stealth
 * Level 7.1 Shields
 - Level 10.0 Spellcasting
 + Level 1.2 Conjurations
 - Level 12.0 Hexes
 + Level 2.1 Transmutations
 + Level 1.2 Ice Magic
 + Level 1.4 Earth Magic
 - Level 9.0 Invocations


You had 21 spell levels left.
You knew the following spells:

 Your Spells              Type           Power        Failure   Level  Hunger
a - Ensorcelled Hibernat  Hex/Ice        ####..       1%          2    None
b - Confuse               Hex            ######..     1%          3    None
c - Tukima's Dance        Hex            ######..     1%          3    None
d - Dazzling Spray        Conj/Hex       ####..       1%          3    None
e - Passwall              Tmut/Erth      ###.......   5%          2    None


Dungeon Overview and Level Annotations

Branches:
Dungeon (15/15)            Temple (1/1) D:5            Lair (6/6) D:10
 Shoals (1/4) Lair:3       Spider (0/4) Lair:4        Slime (0/5) Lair:5
    Orc (2/2) D:10            Elf (0/3) Orc:2        Vaults (0/5) D:14
 Depths (0/5) D:15

Altars:
Cheibriados
Dithmenos
Elyvilon
Fedhas
Hepliaklqana
Makhleb
Nemelex Xobeh
Okawaru
Qazlal
Sif Muna
Trog
Wu Jian
Zin
The Shining One
Jiyva

Shops:
D:8 =   Orc:1 (   Orc:2 [?=*   Shoals:1 *(

Annotations:
D:9 exclusion: oklob plant
D:11 exclusion: killer bee


Innate Abilities, Weirdness & Mutations

You are very small and have problems with some larger weapons.
You are too small for most types of armour.
You have supernaturally acute eyesight. (SInv)
You are a herbivore.
You cover ground extremely quickly.
You need consume almost no food.


Message History

The merfolk resists with some effort.
The merfolk impaler misses you.
The merfolk siren chants a haunting song.
You resist with almost no effort.
The merfolk impaler completely misses you.
The merfolk hits you with a spear!
You closely miss the merfolk.
The merfolk is lightly wounded.
The merfolk impaler barely misses you.
Casting: Ensorcelled Hibernation
Confirm with . or Enter, or press ? or * to list all spells.
Aiming: Ensorcelled Hibernation
Press: ? - help, Shift-Dir - straight line, f/p - merfolk
Aim: a merfolk, wielding a spear (lightly wounded, chance to defeat MR: 45%)
The merfolk resists with some effort.
The merfolk hits you with a spear!!
The merfolk impaler hits you from afar with a trident!
* * * LOW HITPOINT WARNING * * *
You are too injured to fight recklessly!
Unknown command.
The merfolk impaler hits you from afar with a trident!!
You die...

≈≈≈≈≈≈≈≈≈≈≈≈≈≈≈≈≈
≈≈≈≈≈≈≈≈≈≈≈≈≈≈≈≈≈≈≈
≈≈≈≈≈≈≈≈≈≈≈≈≈≈≈≈≈≈≈
≈≈≈≈≈≈≈≈≈≈≈≈≈≈≈≈≈≈≈
≈≈≈≈≈....≈≈≈≈≈≈≈≈≈≈≈
≈≈≈≈≈≈......≈≈≈≈≈≈≈≈≈
≈≈≈≈≈/......∩...≈≈≈≈≈≈
≈≈≈≈≈...........≈≈≈≈≈≈
≈≈≈≈..........@m.≈≈≈≈≈
≈≈≈≈.............≈≈≈≈≈≈≈≈≈
≈≈≈≈..[8.....m.).≈≈≈≈≈≈....
≈≈≈≈........).m.≈≈≈≈≈.≈...?.
≈≈≈≈[.......)...≈≈≈≈≈.......
≈≈≈≈≈..∩...[.....≈≈≈..........
≈≈≈≈≈....≈÷......≈≈...........
≈≈≈≈≈≈≈..≈≈≈≈.....≈...........
≈≈≈≈≈≈.8....[...........##....


You could see a merfolk impaler, a merfolk and a merfolk siren.

Vanquished Creatures
  Nikola (Shoals:1)
  Rupert (Lair:6)
  Donald (Lair:3)
  2 orc warlords (Orc:2)
  A stone giant (Orc:2)
  A dire elephant (Lair:6)
  The ghost of NixNut the Basher, a journeyman HOFi of Dithmenos (D:13)
  Snorg (D:10)
  A merfolk impaler (Lair:3)
  An ogre mage (D:15)
  Josephine (Orc:1)
  A rakshasa (D:15)
  Fannar (Lair:1)
  A catoblepas (Lair:6)
  7 centaur warriors
  10 hydras
  5 vault guards (D:14)
  Erolcha (D:10)
  A merfolk avatar (Shoals:1)
  5 two-headed ogres
  A tengu warrior (D:15)
  5 orc high priests (Orc:2)
  3 death yaks (Lair:6)
  Nergalle (D:12)
  A sea snake (Shoals:1)
  A wizard (D:14)
  The ghost of bosakos the Covert, a novice SpEn of Gozag (D:10)
  3 unseen horrors
  A deep elf mage (D:15)
  A lindwurm (Lair:6)
  8 orc knights
  3 harpies (Shoals:1)
  18 ugly things
  A wolf spider (D:15)
  An orc sorcerer (D:14)
  3 cyclopes
  4 manticores
  7 elephants
  3 merfolk sirens (Shoals:1)
  6 black mambas
  A water nymph (Shoals:1)
  A gargoyle (D:14)
  9 spiny frogs
  2 kobold demonologists (Bailey)
  A centaur skeleton (D:10)
  3 rime drakes
  4 komodo dragons
  A polar bear (shapeshifter) (D:13)
  2 tengu conjurers (D:15)
  3 merfolk (Lair:3)
  7 trolls
  Grinder (D:3)
  A hornet (D:15)
  3 wind drakes (Shoals:1)
  A polar bear (Lair:6)
  A snapping turtle (Shoals:1)
  A dream sheep (Lair:6)
  18 blink frogs
  7 slime creatures
  11 hippogriffs
  2 redbacks (Lair:4)
  7 wraiths
  7 wyverns
  3 steam dragons
  3 hungry ghosts
  2 basilisks
  2 humans (D:14)
  19 yaks
  Grum (D:9)
  Edmund (D:4)
  2 vampire mosquitoes (D:13)
  An acid dragon (D:15)
  3 wargs
  A soldier ant (D:10)
  10 water moccasins
  2 ice beasts
  11 porcupines
  3 phantoms
  2 sky beasts
  2 black bears
  47 orc warriors
  11 wolves
  10 ogres
  18 centaurs
  13 crocodiles
  Blork the orc (D:4)
  17 bullfrogs
  2 wyvern zombies
  A wyvern skeleton (D:6)
  5 scorpions
  6 wights
  6 howler monkeys
  An electric eel (Bailey)
  6 crimson imps
  A quasit (D:10)
  5 centaur zombies
  4 hounds
  A bullfrog zombie (D:8)
  25 orc priests
  7 jellies
  2 bullfrog skeletons
  24 orc wizards
  5 iguanas
  Ijyb (D:5)
  10 worker ants
  2 hound zombies
  3 hound skeletons
  14 gnolls
  14 adders
  4 shadow imps
  2 oozes
  3 adder zombies
  An adder skeleton (D:6)
  3 worms (D:2)
  A dart slug (D:1)
  9 leopard geckos
  95 orcs
  9 bats
  4 giant cockroaches
  9 hobgoblins
  4 jackals (D:5)
  12 kobolds
  5 quokkas
  5 frilled lizards
  17 goblins
  A jackal zombie (D:8)
  2 leopard gecko skeletons
  A quokka zombie (D:10)
  11 rats
738 creatures vanquished.

Vanquished Creatures (collateral kills)
  A dream sheep (Lair:6)
  3 wights
  An orc priest (Orc:2)
  An orc wizard (Orc:1)
6 creatures vanquished.

Vanquished Creatures (others)
  6 dancing weapons
  A quokka (D:8)
  10 fungi
  3 plants
20 creatures vanquished.

Grand Total: 764 creatures vanquished

Notes
Turn   | Place    | Note
-------+----------+-------------------------------------------
     0 | D:1      | MirrMurr the Spriggan Enchanter began the quest for the Orb.
     0 | D:1      | Reached XP level 1. HP: 9/9 MP: 5/5
   229 | D:1      | Reached XP level 2. HP: 13/13 MP: 5/7
   233 | D:1      | Learned a level 2 spell: Ensorcelled Hibernation
   774 | D:2      | Reached skill level 5 in Stealth
   774 | D:2      | Reached XP level 3. HP: 16/16 MP: 6/9
   779 | D:2      | Learned a level 3 spell: Confuse
   783 | D:2      | Learned a level 3 spell: Tukima's Dance
  1469 | D:2      | Reached XP level 4. HP: 21/21 MP: 6/11
  1764 | D:2      | Found a stormy altar of Qazlal.
  2214 | D:2      | Found an ornate altar of the Wu Jian Council.
  2316 | D:3      | Learned a level 3 spell: Dazzling Spray
  2574 | D:3      | Noticed Grinder
  2605 | D:3      | Killed Grinder
  2605 | D:3      | Reached skill level 6 in Stealth
  2605 | D:3      | Reached skill level 5 in Hexes
  2605 | D:3      | Reached XP level 5. HP: 24/24 MP: 6/14
  2605 | D:3      | Reached XP level 6. HP: 28/28 MP: 6/16
  2900 | D:3      | Found a burning altar of Makhleb.
  3789 | D:4      | Noticed Edmund
  3806 | D:4      | Noticed Blork the orc
  4064 | D:4      | Reached skill level 7 in Stealth
  4148 | D:4      | Found a glowing silver altar of Zin.
  4148 | D:4      | Found a glowing golden altar of the Shining One.
  4450 | D:4      | Reached XP level 7. HP: 32/32 MP: 18/18
  4637 | D:4      | Killed Blork the orc
  4857 | D:4      | Killed Edmund
  4857 | D:4      | Reached skill level 8 in Stealth
  5002 | D:5      | Entered Level 5 of the Dungeon
  5279 | D:5      | Found a staircase to the Ecumenical Temple.
  5288 | Temple   | Entered the Ecumenical Temple
  5300 | Temple   | Became a worshipper of Warmaster Okawaru
  5342 | D:5      | Reached XP level 8. HP: 36/36 MP: 16/21
  6464 | D:5      | Reached skill level 9 in Stealth
  6759 | D:5      | Noticed Ijyb
  6781 | D:5      | Killed Ijyb
  7781 | D:6      | Reached skill level 10 in Spellcasting
  7832 | D:6      | Reached * piety under Okawaru
  7832 | D:6      | Reached skill level 10 in Stealth
  8040 | D:6      | Reached XP level 9. HP: 36/39 MP: 17/24
  8707 | D:6      | Reached skill level 11 in Stealth
  9726 | D:7      | You fall through a shaft!
  9750 | D:8      | Found Alyirid's Jewellery Boutique.
  9790 | D:8      | Reached ** piety under Okawaru
  9914 | D:8      | Reached skill level 12 in Stealth
  9965 | D:8      | Reached skill level 10 in Hexes
 10017 | D:8      | You fall through a shaft for 2 floors!
 10017 | D:10     | Entered Level 10 of the Dungeon
 10017 | D:10     | Noticed a troll
 10020 | D:10     | Killed a troll
 10020 | D:10     | Reached skill level 13 in Stealth
 10050 | D:10     | Noticed bosakos's ghost (novice SpEn)
 10073 | D:10     | Noticed a two-headed ogre
 10079 | D:10     | Killed a two-headed ogre
 10079 | D:10     | Reached *** piety under Okawaru
 10079 | D:10     | Reached XP level 10. HP: 44/44 MP: 22/25
 10093 | D:10     | Found a staircase to the Orcish Mines.
 10305 | D:10     | Found a staircase to the Lair.
 10361 | D:10     | Reached **** piety under Okawaru
 10361 | D:10     | Reached skill level 14 in Stealth
 10968 | D:7      | Found a deep blue altar of Sif Muna.
 12277 | D:9      | Found a blossoming altar of Fedhas.
 12290 | D:9      | Noticed an oklob plant
 12477 | D:9      | Noticed an unseen horror
 12486 | D:9      | Killed an unseen horror
 12496 | D:9      | Reached skill level 15 in Stealth
 12785 | D:9      | Noticed Grum
 12791 | D:9      | Found a shadowy altar of Dithmenos.
 12792 | D:9      | Killed Grum
 12802 | D:9      | Reached skill level 16 in Stealth
 13059 | D:9      | Reached ***** piety under Okawaru
 13417 | D:10     | Noticed Erolcha
 13639 | D:10     | Killed Erolcha
 13639 | D:10     | Received a gift from Okawaru
 13639 | D:10     | Reached skill level 17 in Stealth
 13639 | D:10     | Reached XP level 11. HP: 47/47 MP: 26/26
 13717 | D:10     | Killed bosakos's ghost
 13731 | D:10     | Noticed Snorg
 13966 | D:10     | Killed Snorg
 13966 | D:10     | Reached skill level 1 in Fighting
 13966 | D:10     | Reached skill level 1 in Invocations
 14580 | D:11     | Noticed a cyan ugly thing
 14587 | D:11     | Killed a cyan ugly thing
 14654 | D:11     | Received a gift from Okawaru
 14848 | D:11     | Noticed an unseen horror
 14855 | D:11     | Killed an unseen horror
 14855 | D:11     | Reached skill level 5 in Dodging
 15016 | D:11     | Reached skill level 5 in Short Blades
 15209 | Lair:1   | Entered Level 1 of the Lair of Beasts
 15379 | Lair:1   | Noticed Fannar
 15443 | Lair:1   | Killed Fannar
 15443 | Lair:1   | Reached skill level 18 in Stealth
 15677 | Lair:1   | Reached XP level 12. HP: 56/56 MP: 27/27
 17276 | Lair:3   | Found a staircase to the Shoals.
 17288 | Lair:3   | Received a gift from Okawaru
 17298 | Lair:3   | Noticed an eight-headed hydra
 17306 | Lair:3   | Killed an eight-headed hydra
 17725 | Lair:3   | Received a gift from Okawaru
 17725 | Lair:3   | Reached skill level 5 in Invocations
 19011 | Lair:4   | Found a hole to the Spider Nest.
 19019 | Lair:4   | Noticed a six-headed hydra
 19026 | Lair:4   | Killed a six-headed hydra
 19250 | Lair:4   | Noticed a six-headed hydra
 19608 | Lair:4   | Killed a six-headed hydra
 19825 | Lair:5   | Found the amulet of Vitality {Regen+ HP+15}
 19848 | Lair:5   | Noticed an eight-headed hydra
 19861 | Lair:5   | Killed an eight-headed hydra
 19861 | Lair:5   | Reached XP level 13. HP: 63/63 MP: 20/28
 20669 | Lair:5   | Learned a level 2 spell: Passwall
 20711 | Lair:5   | Reached skill level 19 in Stealth
 21178 | Lair:5   | Found a viscous altar of Jiyva.
 21179 | Lair:5   | Found a staircase to the Slime Pits.
 21327 | Lair:6   | Entered Level 6 of the Lair of Beasts
 21334 | Lair:6   | Reached skill level 5 in Fighting
 21637 | Lair:6   | Reached skill level 10 in Short Blades
 21642 | Lair:6   | Noticed Rupert
 21801 | Lair:6   | Reached ****** piety under Okawaru
 21993 | Lair:6   | Killed Rupert
 21993 | Lair:6   | Reached skill level 10 in Dodging
 22002 | Lair:6   | Received a gift from Okawaru
 22481 | Lair:6   | Reached skill level 1 in Shields
 22912 | Lair:6   | Noticed a dire elephant
 23344 | Lair:6   | Killed a dire elephant
 24354 | Lair:6   | Reached XP level 14. HP: 68/69 MP: 20/29
 24499 | Lair:6   | Got a bound steel ring
 24525 | Lair:6   | Identified the ring of Wisor {+Inv Int+2 Dex+3 Stlth-} (You found it on level 6 of the Lair of Beasts)
 24898 | D:12     | Noticed Nergalle
 25220 | D:12     | Killed Nergalle
 25948 | D:13     | Noticed NixNut's ghost (journeyman HOFi)
 26018 | D:13     | Killed NixNut's ghost
 27147 | D:14     | Received a gift from Okawaru
 27696 | D:14     | Found a gate to the Vaults.
 27699 | D:14     | Reached skill level 20 in Stealth
 27900 | D:15     | Entered Level 15 of the Dungeon
 28088 | D:15     | Received a gift from Okawaru
 28089 | D:15     | Identified the +6 demon blade "Xovve" {freeze, Int+3} (Okawaru gifted it to you on level 15 of the Dungeon)
 28414 | D:15     | Reached skill level 5 in Shields
 28801 | D:15     | Received a gift from Okawaru
 28801 | D:15     | Reached XP level 15. HP: 68/75 MP: 2/30
 29138 | D:15     | Found a staircase to the Depths.
 30005 | D:15     | Cast into level 2 of the Abyss (a distortion unwield)
 30087 | D:15     | Escaped the Abyss
 30216 | Orc:1    | Entered Level 1 of the Orcish Mines
 30216 | Orc:1    | Noticed Josephine
 30244 | Orc:1    | Killed Josephine
 30684 | Orc:1    | Found a flagged portal.
 30696 | Bailey   | Entered a bailey
 30876 | Bailey   | Found an iron altar of Okawaru.
 31150 | Bailey   | Received a gift from Okawaru
 31376 | Bailey   | Got a heavily runed buckler
 31409 | Bailey   | Identified the cursed +0 buckler "Ythraskom" {rPois rC+ Str+7 Slay+2} (You found it in a bailey)
 31410 | Bailey   | Got a dazzling rapier
 31411 | Bailey   | Identified the +4 rapier of the Blue Skies {speed, rC+} (You acquired it in a bailey)
 31665 | Orc:1    | Found Sudem's Weapon Shoppe.
 31915 | Orc:2    | Entered Level 2 of the Orcish Mines
 31947 | Orc:2    | Found a staircase to the Elven Halls.
 32126 | Orc:1    | Upgraded the game from 0.22-a0-3-g4fa69d9a97 to 0.22-a0-15-g4f60a598d5
 32158 | Orc:2    | Received a gift from Okawaru
 32198 | Orc:2    | Noticed an orc warlord
 32463 | Orc:2    | Killed an orc warlord
 32586 | Orc:2    | Noticed an orc warlord
 32969 | Orc:2    | Killed an orc warlord
 34809 | Orc:2    | Found Quxyd's Antique Armour Boutique.
 34809 | Orc:2    | Found Byugesk's Assorted Antiques.
 34810 | Orc:2    | Found Itialurph's Magic Scroll Shop.
 34810 | Orc:2    | Found Epibyja's Jewellery Boutique.
 34822 | Orc:2    | Bought a scroll of identify for 24 gold pieces
 34822 | Orc:2    | Bought a scroll of identify for 24 gold pieces
 34822 | Orc:2    | Bought a scroll of identify for 24 gold pieces
 34837 | Orc:2    | Bought the ring of Greed {rElec rPois rN+ MR+ Dex+5} for 651 gold pieces
 34849 | Orc:2    | Bought a runed hat for 259 gold pieces
 35055 | Shoals:1 | Entered Level 1 of the Shoals
 35055 | Shoals:1 | Found Los Hufi's Weapon Emporium.
 35055 | Shoals:1 | Found Bana's Assorted Antiques.
 35056 | Shoals:1 | Noticed Donald
 35158 | Lair:3   | Killed Donald
 35158 | Lair:3   | Received a gift from Okawaru
 35286 | Shoals:1 | Reached skill level 1 in Transmutations
 35569 | Shoals:1 | Noticed Nikola
 35576 | Shoals:1 | Killed Nikola
 35576 | Shoals:1 | Reached skill level 1 in Earth Magic
 35730 | Lair:3   | Reached skill level 1 in Conjurations
 35730 | Lair:3   | Reached skill level 1 in Ice Magic
 36124 | Shoals:1 | Received a gift from Okawaru
 36288 | Shoals:1 | Mangled by a merfolk impaler

Vault maps used:
D:1:      minmay_arrival_split_and_join, minivault_14
D:2:      marbit_many_paths, lemuel_round_altar, minmay_cut_off
D:3:      bloody_makhleb, first_ration, minmay_misc_feat_square, uniq_grinder
D:4:      chequers_temple_overflow_statue_of_worship, uniq_blork_the_orc,
          uniq_edmund
D:5:      minmay_temple_entry_butterflies, uniq_ijyb
D:6:      minmay_misc_feat_secret_circle, minmay_tree_intersection
D:7:      lemuel_blue_sif_altar, kennysheep_pointless_box
D:8:      serial_shops, shop
D:9:      lemuel_coloured_pillars_altar, tgw_fedhas, uniq_grum
D:10:     david_lair_shrubbed, orc_0_dummy, uniq_snorg, uniq_erolcha
D:11:     serial_shops, kennysheep_mini
D:12:     uniq_nergalle
D:14:     grunt_vaults_entry_fortified
D:15:     hangedman_depths_entry_try_elsewhere_first, serial_bayou_pond_c
Temple:   eino_temple_water
Lair:1:   uniq_fannar
Lair:2:   infiniplex_staircase_pool_2, serial_bayou_shore_b, grunt_megastairs_3
Lair:3:   minmay_shoals_entry_beasts
Lair:4:   spider_nest_entry_webs, grunt_megastairs_4, infiniplex_staircase_pool
Lair:5:   dpeg_slime_entry_enclosed_altar
Lair:6:   hangedman_lair_in_review, uniq_rupert
Shoals:1: serial_shops, shop, shop, nicolae_shop_waterfront, shop_statue,
          shop_coins, nicolae_shoals_drake_roost, uniq_donald, uniq_nikola
Orc:1:    enter_bailey_3, serial_shops, nicolae_shop_behind_doors,
          uniq_josephine
Orc:2:    st_orc_pillars
Abyss:2:  evilmike_abyss_exit_9
Bailey:   bailey_axe_of_yendor_kennysheep, bailey

Skill      XL: |  1  2  3  4  5  6  7  8  9 10 11 12 13 14 15 |
---------------+----------------------------------------------+-----
Spellcasting   | 3 4 6 8 10 | 10.0
Hexes          | 4 5 6 8 10 12 | 12.0
Stealth        | 5 6 7 8 10 13 17 18 19 20 | 20.9
Short Blades   | 6 9 11 12 | 12.0
Fighting       | 3 4 5 7 8 |  8.8
Invocations    | 3 5 7 8 9 |  9.0
Dodging        | 6 9 10 12 13 | 13.2
Shields        | 2 5 7 |  7.1
Transmutations | 2 |  2.1
Earth Magic    | 1 |  1.4
Conjurations   | 1 |  1.2
Ice Magic      | 1 |  1.2

Action                   |  1- 3 |  4- 6 |  7- 9 | 10-12 | 13-15 || total
-------------------------+-------+-------+-------+-------+-------++-------
Melee: Dagger            |    91 |   138 |   184 |   340 |  1091 ||  1844
       Rapier            |       |       |       |       |    12 ||    12
 Fire: Hunting sling     |       |       |       |       |     2 ||     2
 Cast: Corona            |     1 |       |       |       |       ||     1
       Ensorcelled Hiber |    25 |    38 |    93 |   168 |   344 ||   668
       Confuse           |       |     7 |    25 |    35 |   163 ||   230
       Dazzling Spray    |       |       |     6 |    11 |    83 ||   100
       Tukima's Dance    |       |       |     2 |     3 |    27 ||    32
Invok: Heroism           |       |       |       |       |     4 ||     4
       Finesse           |       |       |       |       |     1 ||     1
Evoke: Wand              |       |       |     3 |       |     9 ||    12
  Use: Scroll            |     6 |     2 |     4 |     9 |    20 ||    41
       Potion            |       |       |       |     1 |     3 ||     4
 Stab: Sleeping          |    24 |    27 |    70 |   145 |   187 ||   453
       Confused          |       |     5 |    14 |    24 |    65 ||   108
       Invisible         |       |       |     1 |       |    29 ||    30
       Distracted        |       |       |       |       |     4 ||     4
  Eat: Ration            |       |     1 |     4 |     5 |     8 ||    18
Armor: Robe              |    10 |     6 |    17 |    30 |    21 ||    84
Dodge: Dodged            |    75 |   113 |   161 |   217 |   732 ||  1298
Block: Buckler           |       |       |       |       |   286 ||   286

Table legend:
 A = Spawn XP
 B = Non-spawn XP
 C = Spawn XP percentage of total XP
 D = Spawn monster count
 E = Non-spawn monster count
 F = Spawn count percentage of total count
 G = Total turns spent on level
                    A         B        C        D         E        F      G
               +---------+---------+-------+---------+---------+-------+---------
         Total |       0 |  152414 |   0.0 |       0 |     744 |   0.0 | 36288
               +---------+---------+-------+---------+---------+-------+---------
           D:1 |       0 |      32 |   0.0 |       0 |      12 |   0.0 |   878
           D:2 |       0 |     101 |   0.0 |       0 |      34 |   0.0 |  1370
           D:3 |       0 |     355 |   0.0 |       0 |      17 |   0.0 |  1539
           D:4 |       0 |     692 |   0.0 |       0 |      18 |   0.0 |  1215
           D:5 |       0 |     680 |   0.0 |       0 |      28 |   0.0 |  1412
           D:6 |       0 |    1530 |   0.0 |       0 |      27 |   0.0 |  2221
           D:7 |       0 |     405 |   0.0 |       0 |      15 |   0.0 |   909
           D:8 |       0 |    1403 |   0.0 |       0 |      19 |   0.0 |  1286
           D:9 |       0 |    3461 |   0.0 |       0 |      42 |   0.0 |  1820
          D:10 |       0 |    6415 |   0.0 |       0 |      27 |   0.0 |  1577
          D:11 |       0 |    4189 |   0.0 |       0 |      19 |   0.0 |   700
          D:12 |       0 |    3156 |   0.0 |       0 |      18 |   0.0 |   854
          D:13 |       0 |    6730 |   0.0 |       0 |      24 |   0.0 |  1106
          D:14 |       0 |   11548 |   0.0 |       0 |      24 |   0.0 |  1269
          D:15 |       0 |   23910 |   0.0 |       0 |      50 |   0.0 |  1927
        Lair:1 |       0 |    3891 |   0.0 |       0 |      14 |   0.0 |  1262
        Lair:2 |       0 |    7177 |   0.0 |       0 |      27 |   0.0 |  1474
        Lair:3 |       0 |    7453 |   0.0 |       0 |      21 |   0.0 |  2002
        Lair:4 |       0 |    3879 |   0.0 |       0 |      13 |   0.0 |  1255
        Lair:5 |       0 |    6386 |   0.0 |       0 |      22 |   0.0 |  1365
        Lair:6 |       0 |   22358 |   0.0 |       0 |      52 |   0.0 |  3025
      Shoals:1 |       0 |   11396 |   0.0 |       0 |      19 |   0.0 |   441
         Orc:1 |       0 |    5033 |   0.0 |       0 |      56 |   0.0 |  1542
         Orc:2 |       0 |   17153 |   0.0 |       0 |     106 |   0.0 |  2273
        Bailey |       0 |    3081 |   0.0 |       0 |      40 |   0.0 |   851
               +---------+---------+-------+---------+---------+-------+---------
